Map: Echo LE (Void)

Players

Bop - Winner!

  • Race: Zerg Zerg

scr

  • Race: Protoss Protoss

VOD

Have the link to the VOD?

Description

Time

  • Played on: April 30, 2015, 10:59 p.m.
  • Length: 7:57
Show
View Real Time Build Order
Export as new Build Order

Bop Zerg - Winner!

Build Orders: Hatch First 

Get SALT Encoding   

  12  0:01  Drone  
  13  0:08  Drone  
  14  0:35  Hatchery  
  14  0:39  Drone  
  14  0:52  Spawning Pool  
  14  0:56  Drone  
  14  1:00  Extractor  
  14  1:02  Drone  
  14  1:13  Overlord  
  14  1:32  Drone x3  
  17  1:39  Queen  
  19  1:43  Zergling x2  
  20  1:52  Queen  
  22  1:57  Drone  
  23  2:06  Drone  
  23  2:07  Overlord  
  24  2:10  Drone  
  24  2:15  Drone  
  26  2:21  Drone  
  26  2:22  Drone  
  28  2:28  Zergling x2  
  29  2:31  Metabolic Boost  
  29  2:33  Zergling x2  
  30  2:37  Drone  
  31  2:49  Drone x2  
  31  2:50  Drone x3  
  36  2:54  Overlord  
  35  3:11  Drone  
  36  3:14  Drone x6  
  36  3:17  Overlord  
  42  3:28  Drone x2  
  42  3:30  Extractor  
  42  3:31  Hatchery, Extractor  
  41  3:36  Overlord  
  41  3:41  Drone x5  
  46  3:45  Drone x2  
  48  3:52  Roach Warren  
  47  3:59  Queen  
  47  4:00  Lair  
  52  4:17  Drone x9  
  52  4:21  Overlord  
  58  4:41  Drone  
  58  4:42  Evolution Chamber, Extractor  
  57  4:48  Burrow, Drone x9  
  66  4:54  Overlord x2  
  66  5:01  Overseer  
  66  5:04  Overlord  
  66  5:12  Overlord  
  66  5:13  Roach  
  66  5:14  Roach x7  
  82  5:15  Glial Reconstitution  
  82  5:17  Zerg Missile Weapons Level 1  
  82  5:22  Overlord x2  
  82  5:30  Drone x2  
  84  5:38  Roach x7  
  98  5:47  Drone  
  98  5:49  Hatchery  
  98  5:50  Roach  
  98  5:51  Roach x3  
  98  5:56  Ravager x3  
  109  5:59  Overlord x2  
  109  6:06  Roach x2  
  109  6:11  Overlord  
  112  6:15  Drone  
  113  6:19  Drone x3, Extractor x2  
  113  6:20  Drone x3  
  113  6:21  Roach  
  113  6:22  Roach x5  
  113  6:23  Overlord  
  129  6:27  Overlord  
  129  6:36  Roach x12  
  129  6:38  Ravager x3  
  130  6:41  Roach x3  
  130  6:45  Zergling x26  
  149  6:59  Roach x2  
  153  7:01  Overlord x2  
  153  7:04  Ravager x2  
  153  7:05  Overlord, Ravager x2  
  157  7:11  Roach  
  157  7:15  Zergling x2  
  160  7:26  Roach x7  
  160  7:29  Roach x12  
  174  7:30  Ravager x2  
  174  7:31  Overlord x2  
  161  7:46  Hatchery  
Show
View Real Time Build Order
Export as new Build Order

scr Protoss 

Build Orders: 1 Gate Expand 

Get SALT Encoding   

  12  0:01  Probe  
  13  0:15  Pylon  
  13  0:19  Probe  
  14  0:33  Probe (Chrono Boost)  
  16  0:43  Gateway  
  16  0:44  Probe (Chrono Boost)  
  16  0:50  Probe  
  16  0:53  Assimilator  
  17  1:21  Nexus  
  17  1:31  Pylon  
  17  1:34  Probe (Chrono Boost)  
  17  1:39  Zealot  
  20  1:46  Probe (Chrono Boost)  
  22  1:56  Probe (Chrono Boost)  
  22  2:01  Cybernetics Core  
  22  2:21  Probe (Chrono Boost)  
  23  2:27  Assimilator  
  23  2:32  Probe (Chrono Boost)  
  24  2:39  Mothership Core (Chrono Boost), Probe (Chrono Boost)  
  27  2:50  Probe  
  27  2:53  Gateway  
  27  2:54  Warp Gate  
  27  2:59  Probe  
  27  3:00  Gateway  
  27  3:02  Probe  
  29  3:11  Probe  
  30  3:14  Probe  
  31  3:23  Probe  
  31  3:26  Probe, Pylon  
  33  3:30  Pylon  
  33  3:36  Probe (Chrono Boost)  
  33  3:39  Probe (Chrono Boost)  
  35  3:45  Robotics Facility  
  35  3:48  Probe (Chrono Boost)  
  36  3:51  Stalker  
  39  3:55  Adept  
  39  3:56  Probe (Chrono Boost)  
  39  3:58  Probe (Chrono Boost)  
  39  4:02  Sentry  
  44  4:08  Probe (Chrono Boost)  
  44  4:09  Probe (Chrono Boost)  
  46  4:18  Assimilator  
  46  4:19  Probe (Chrono Boost)  
  46  4:20  Probe (Chrono Boost)  
  46  4:24  Gateway  
  48  4:25  Probe x2 (Chrono Boost)  
  48  4:28  Gateway  
  50  4:33  Pylon  
  50  4:36  Observer (Chrono Boost)  
  50  4:37  Probe x2  
  53  4:47  Assimilator  
  53  4:49  Probe x2  
  55  5:04  Gateway  
  55  5:08  Gateway  
  55  5:12  Immortal  
  59  5:21  Probe x2  
  60  5:22  Sentry  
  60  5:23  Sentry x2  
  60  5:28  Pylon  
  67  5:29  Pylon  
  67  5:30  Pylon  
  67  5:32  Pylon  
  67  5:33  Probe  
  68  5:46  Probe  
  69  5:57  Immortal  
  69  6:00  Nexus, Pylon  
  72  6:08  Sentry x4  
  72  6:09  Stalker  
  82  6:21  Stalker x2  
  82  6:24  Probe x2  
  88  6:36  Probe  
  88  6:39  Stalker x2  
  91  6:40  Stalker  
  93  7:05  Stalker x3  
  93  7:06  Stalker x2  
  95  7:19  Observer  
Tags
 
Add a new tag
Caveats
  • Supply blocks, unpowered buildings, or Contaminate may cause inaccurate times.
  • Supply counts are checked every 10 seconds.